Cogmind - Beta 15 @@@ ROGUE MODE // 2025.07.27 @ 01:45:43 Player: cptwinky Result: Escaped! Performance ------------- Evolutions (9) 4500 Regions Visited (10) 2000 Robots Destroyed (124) 620 Value Destroyed (3994) 3994 Prototype IDs (11) 220 Alien Tech Used (0) 0 Bonus (3317) 3317 TOTAL SCORE: 14651 Bonus ------- Follower Combat Kills 317 Win 3000 Cogmind --------- Core Integrity 1559/1600 Matter 199/300 Energy 146/350 System Corruption 1% Temperature Cool (13) Movement Hovering (49) Location To Epsilon Eridani Parts ------- > --- POWER (3) -------- Light Antimatter Reactor Light Quantum Reactor Light Quantum Reactor > --- PROPULSION (8) --- Gravmag Array Combat Antigrav System Combat Antigrav System Combat Antigrav System Combat Linear Gravjet Combat Linear Gravjet Combat Linear Gravjet > --- UTILITY (12) ----- Advanced Cooling System Medium Storage Unit Machine Analyzer Advanced Signal Interpreter ECM Suite Advanced Reaction Control System Improved Utility Shielding Layered Medium Armor Plating Graphene Brace Hacking Suite Improved Hacking Suite Advanced Hacking Suite > --- WEAPON (2) ------- Enhanced Nova Cannon Compact Tesla Bomb Launcher > --- INVENTORY (10) --- Advanced Sensor Array Improved Cloaking Device Improved Heavy Armor Plating Hypervelocity Railgun Heavy Rocket Launcher Advanced Datajack Multitool Shock Maul Power Sword Peak State ------------ > --- POWER ------------ Micro Fission Core Light Quantum Reactor Light Quantum Reactor > --- PROPULSION ------- Gravmag Array Combat Antigrav System Combat Antigrav System Combat Antigrav System Combat Linear Gravjet Combat Linear Gravjet Combat Linear Gravjet > --- UTILITY ---------- Advanced Cooling System Medium Storage Unit Machine Analyzer Advanced Sensor Array Advanced Signal Interpreter Advanced Reaction Control System Improved Utility Shielding Layered Medium Armor Plating Graphene Brace Hacking Suite Improved Hacking Suite Advanced Hacking Suite > --- WEAPON ----------- Enhanced Nova Cannon Advanced Datajack > --- INVENTORY -------- ECM Suite Improved Cloaking Device Hypervelocity Railgun Compact Tesla Bomb Launcher Heavy Rocket Launcher Multitool Shock Maul Power Sword [Rating: 161] Favorites ----------- Power Light Ion Engine Engine Light Ion Engine Power Core Micro Fission Core Reactor Light Quantum Reactor Propulsion Light Treads Treads Light Treads Wheel Wheel Hover Unit Gravmag Array Utility Hacking Suite Device Improved Heat Sink Storage High-capacity Storage Unit Processor Machine Analyzer Hackware Hacking Suite Protection Layered Light Armor Plating Weapon Medium Laser Energy Gun Medium Laser Energy Cannon Heavy Ion Cannon Ballistic Gun Barrage Gun Ballistic Cannon Mini Assault Cannon Launcher Heavy Rocket Launcher Special Weapon Mining Laser Impact Weapon Power Maul Slashing Weapon Power Sword Special Melee Weapon Advanced Datajack Build | -11 -10 -10 -8 -7 -6 -5 -4 -3 -2 -1 ------- Run | Yrd Mat Sub Mat Fac Fac Fac Fac Res Res Acc Slots Evolved 18 | . . . 4 2 2 2 2 2 2 2 Power 2 | . . . . . . 1 . . . 1 Propulsion 6 | . . . 1 1 1 1 1 . 1 . Utility 10 | . . . 3 1 1 . 1 2 1 1 Weapon . | . . . . . . . . . . . Parts Attached 122 | 6 1 10 29 27 5 7 15 6 11 5 Power 18 | 1 . 1 5 3 . 4 . 1 1 2 Engine 11 | 1 . 1 5 1 . 3 . . . . Core 4 | . . . . 2 . 1 . 1 . . Reactor 3 | . . . . . . . . . 1 2 Propulsion 29 | 2 . 2 7 7 1 2 4 2 2 . Treads 12 | 2 . 1 6 3 . . . . . . Leg . | . . . . . . . . . . . Wheel 1 | . . 1 . . . . . . . . Hover 16 | . . . 1 4 1 2 4 2 2 . Flight . | . . . . . . . . . . . Utility 42 | 1 1 3 7 9 3 1 8 3 5 1 Device 15 | . 1 1 3 . 1 1 5 2 1 . Storage 5 | 1 . 1 . 1 . . 1 . 1 . Processor 6 | . . . 1 2 1 . 1 1 . . Hackware 7 | . . . . 3 1 . . . 2 1 Protection 9 | . . 1 3 3 . . 1 . 1 . Artifact . | . . . . . . . . . . . Weapon 33 | 2 . 4 10 8 1 . 3 . 3 2 Energy Gun 5 | 2 . 1 2 . . . . . . . Energy Cannon 3 | . . . . 1 . . 1 . 1 . Ballistic Gun 9 | . . 2 2 5 . . . . . . Ballistic Cannon 1 | . . . 1 . . . . . . . Launcher 4 | . . . 1 . 1 . . . 1 1 Special Weapon 2 | . . 1 1 . . . . . . . Impact Weapon 4 | . . . 2 1 . . 1 . . . Slashing Weapon 2 | . . . . . . . 1 . 1 . Piercing Weapon . | . . . . . . . . . . . Special Melee Weapon 3 | . . . 1 1 . . . . . 1 Unidentified Prototypes 9 | . . . 3 3 . 1 2 . . . Parts Lost 12 | . . 3 2 1 . 4 . 1 . 1 Power 2 | . . . . . . 1 . 1 . . Propulsion 4 | . . 1 1 . . 2 . . . . Utility 4 | . . 1 1 . . 1 . . . 1 Weapon 2 | . . 1 . 1 . . . . . . Highest Loss Streak 2 | . . 1 1 1 . 2 . 1 . 1 To Critical Strikes . | . . . . . . . . . . . Average Backups 12 | 2 6 11 18 17 7 6 8 9 9 8 Power 1 | . 1 . 1 1 1 . 1 1 . . Propulsion 1 | 1 2 2 1 1 . . 1 2 . . Utility 3 | . 1 3 4 5 1 1 1 1 2 2 Weapon 4 | . 2 4 8 4 2 1 2 4 4 4 Tool/Special . | . . . . . . . . . . . Unused Backups 22 | . . 1 5 7 2 2 . 1 . 4 Power 2 | . . . . 1 . 1 . . . . Propulsion 4 | . . 1 1 1 . . . 1 . . Utility 8 | . . . 2 2 2 1 . . . 1 Weapon 8 | . . . 2 3 . . . . . 3 Tool/Special . | . . . . . . . . . . . Average Slot Usage (%) 95 | . 95 99 94 97 94 88 88 88 94 95 Engine 7 | . 14 14 9 3 . 7 5 3 . . Core 1 | . . . . 3 6 2 5 4 4 3 Treads 17 | . 28 26 25 23 . . . . . . Hover 9 | . . . . 5 28 26 26 24 30 28 Device 10 | . 10 11 11 9 1 2 9 16 16 16 Storage 8 | . 14 14 9 5 6 5 5 4 4 4 Processor 6 | . . . 6 10 9 11 10 9 8 8 Hackware 5 | . . . . 8 16 11 10 9 12 12 Protection 6 | . . 2 13 8 10 5 5 4 4 7 Energy Gun 9 | . 28 22 10 2 . . . . . . Energy Cannon 1 | . . . . . . 3 5 4 3 4 Ballistic Gun 4 | . . 3 6 10 6 1 . . . . Impact Weapon 1 | . . . . 1 5 5 1 . . . Peak Build Rating 161 | 6 7 15 35 54 60 74 105 123 144 161 Average Rating 48 | 5 6 9 27 41 58 68 95 114 137 158 On Entrance 55 | . 6 7 14 34 48 60 74 105 123 144 Naked Turns . | . . . . . . . . . . . Heaviest Build 88 | 12 13 53 77 67 23 40 48 49 62 88 Greatest Support 110 | 40 40 40 62 82 44 56 86 94 110 110 Greatest Overweight (x) 4 | . . 4 1 1 . 1 . . . . Average Overweight (x) . | . . 1 . . . . . . . . Largest Inventory Capacity 20 | 8 8 20 20 20 8 8 10 10 10 10 Average Capacity 14 | 7 8 15 20 17 8 8 9 10 10 10 Most Carried 20 | 6 8 20 20 20 8 8 10 10 10 10 Average Carried 13 | 2 6 12 19 17 7 7 9 9 9 9 Final Capacity 20 | 8 8 20 20 8 8 8 10 10 10 10 Final Carried 20 | 6 8 20 20 8 8 8 10 9 10 10 Class Distribution -------------------- 33% | Mutant 27% | Scavenger-Mutant 19% | Hacker-Scout 13% | Hacker-Mutant 4% | Subdweller-Mutant Dominant Class ---------------- Mutant | -10/Materials Mutant | -10/Subcaves Scavenger-Mutant | -8/Materials Scavenger-Mutant | -7/Factory Hacker-Mutant | -6/Factory Hacker-Scout | -5/Factory Hacker-Scout | -4/Factory Hacker-Scout | -3/Research Hacker-Mutant | -2/Research Hacker-Scout | -1/Access Resources | -11 -10 -10 -8 -7 -6 -5 -4 -3 -2 -1 ----------- Run | Yrd Mat Sub Mat Fac Fac Fac Fac Res Res Acc Matter Collected 2968 | 213 47 206 688 748 162 160 50 . 383 311 Remotely . | . . . . . . . . . . . Salvage Created 5781 | 90 129 455 1293 1150 528 638 302 37 319 840 Parts 225 | 10 9 20 56 41 9 3 6 2 29 40 Haulers Intercepted 11 | . . . 3 3 3 2 . . . . Recyclers Shooed 5 | 1 . . 2 1 . . 1 . . . Parts Field Recycled . | . . . . . . . . . . . Retrieved Matter . | . . . . . . . . . . . Parts Self-Destructed 7 | . . 7 . . . . . . . . Prevented . | . . . . . . . . . . . Kills | -11 -10 -10 -8 -7 -6 -5 -4 -3 -2 -1 ------- Run | Yrd Mat Sub Mat Fac Fac Fac Fac Res Res Acc Combat Hostiles Destroyed 66 | . 3 7 18 13 5 5 . . 7 8 Melee 4 | . . . . . 1 1 . . 2 . Guns 34 | . 3 6 16 9 . . . . . . AOE 22 | . . . 2 4 3 . . . 5 8 Classes Destroyed 17 | 2 3 4 6 1 . . . . 1 . Worker 11 | . . . 2 4 2 1 . . . 2 Builder 3 | . 1 . . 1 . . . . . 1 Tunneler 5 | 2 . . . . 1 1 . . . 1 Hauler 11 | . . . 3 3 3 2 . . . . Recycler 15 | 1 . . 4 5 . . 2 . 1 2 Operator 6 | . 1 . . 2 . . . 1 2 . Watcher 7 | . . . 2 . . 3 . . . 2 Swarmer 11 | . . . . . . . . . 5 6 Grunt 31 | . 3 . 11 9 5 3 . . . . Brawler 1 | . . . 1 . . . . . . . Duelist 2 | . . . 1 1 . . . . . . Sentry 7 | . . 1 4 . . 2 . . . . Hunter 3 | . . . 1 . . . . . . 2 Programmer 5 | . . . . 3 . . . . 2 . Artisan 2 | . . 2 . . . . . . . . Cobbler 1 | . . 1 . . . . . . . . Subdweller 6 | . . 6 . . . . . . . . Best Kill Streak 11 | 3 3 2 7 6 7 3 1 1 7 11 Combat Bots Only 8 | . 3 2 3 6 3 2 . . 7 8 Max Kills in Single Turn 4 | 2 1 1 3 3 3 1 1 1 2 4 Gunslinging . | . . . . . . . . . . . Exploded 3 | . . . 1 3 2 . . . 2 3 Melee 1 | . . . . . 1 1 . . 1 . Uniques/NPCs Destroyed . | . . . . . . . . . . . Combat | -11 -10 -10 -8 -7 -6 -5 -4 -3 -2 -1 -------- Run | Yrd Mat Sub Mat Fac Fac Fac Fac Res Res Acc Hostile Shots Fired 420 | . 17 28 95 45 10 53 14 38 87 33 Missed 181 | . 4 10 32 17 2 15 13 23 47 18 Hits 239 | . 13 18 63 28 8 38 1 15 40 15 Melee 1 | . . . . 1 . . . . . . Projectile 238 | . 13 18 63 27 8 38 1 15 40 15 Critical Strikes 6 | . . . 1 1 . 1 . 1 2 . Actively Blocked 3 | . . . . . . . . 1 2 . Damage Taken 4888 | . 143 434 1089 635 229 815 18 308 953 264 Core 575 | . 66 68 70 31 20 71 . 55 153 41 Absorbed by Shields . | . . . . . . . . . . . Redirected to Shielding 128 | . . . . . 71 29 . . 15 13 Regen/Repaired (Parts) 370 | . . . 80 . . . 178 . 112 . Core Remaining (%) 89 | 100 . 46 87 95 97 92 100 95 89 97 Volleys Fired 242 | 6 12 42 63 56 3 . 5 16 20 19 Largest 2 | 2 2 2 2 2 1 . 1 1 1 1 Hottest 120 | 100 100 100 110 97 39 . 65 105 120 120 Shots Fired 404 | 12 24 74 124 107 3 . 5 16 20 19 Gun 328 | 12 24 67 122 103 . . . . . . Cannon 50 | . . . . 2 . . 5 16 17 10 Launcher 19 | . . . 2 2 3 . . . 3 9 Special 7 | . . 7 . . . . . . . . Kinetic 147 | . . 8 58 81 . . . . . . Thermal 238 | 12 24 66 64 24 . . 5 16 17 10 Explosive 10 | . . . 2 2 3 . . . 3 . Electromagnetic 9 | . . . . . . . . . . 9 Robot Hit Streak 27 | 4 5 21 27 12 1 . 2 2 1 2 Robot Miss Streak 3 | 2 2 1 2 3 1 . 2 . 1 1 Penetration Max . | . . . . . . . . . . . Secondary Targets 2 | . 1 . . 1 . . . . . . Max Gunslinging Chain 1 | . 1 . . 1 . . . . . . Shots Hit Robots 327 | 6 16 57 102 80 12 33 4 1 7 9 Core Hits 165 | 4 7 18 45 41 6 3 2 2 14 23 Critical Kills 3 | . . 1 . . 2 . . . . . Critical Parts Destroyed 14 | . . . . 3 3 8 . . . . Critical Strikes 25 | . . 7 1 4 5 8 . . . . Burn 8 | . . 6 1 1 . . . . . . Destroy 1 | . . 1 . . . . . . . . Smash 16 | . . . . 3 5 8 . . . . Melee Attacks 126 | . . . 4 14 13 48 11 . 25 11 Impact 75 | . . . 1 13 12 48 1 . . . Slashing 46 | . . . . . . . 10 . 25 11 Piercing 4 | . . . 3 1 . . . . . . Sneak Attacks 24 | . . . . 7 7 4 1 . 1 4 Combat Hostiles 3 | . . . . . 2 1 . . . . Follow-up Attacks 1 | . . . . . . . . . 1 . Damage Inflicted 11519 | 93 200 655 2310 2771 1385 1636 199 61 931 1278 Guns 4210 | 89 198 655 1822 1446 . . . . . . Cannons 144 | . . . . . . . 83 61 . . Explosions 2949 | . . . 399 549 589 . . . 592 820 Melee 4093 | . . . 6 742 796 1636 116 . 339 458 Ramming 123 | 4 2 . 83 34 . . . . . . Kinetic 2131 | . . 100 883 1148 . . . . . . Thermal 2468 | 89 198 555 939 543 . . 83 61 . . Explosive 1884 | . . . 399 304 589 . . . 592 . Electromagnetic 820 | . . . . . . . . . . 820 Impact 3287 | . . . . 739 796 1636 116 . . . Slashing 797 | . . . . . . . . . 339 458 Piercing 9 | . . . 6 3 . . . . . . Highest Corruption 4 | . . . . 2 . . . . 4 1 Average Corruption 1 | . . . . 1 . . . . 3 1 Corruption Purged . | . . . . . . . . . . . Corruption Blocked . | . . . . . . . . . . . Effects 14 | . . . . 6 . . . . 4 4 Message Errors 3 | . . . . 1 . . . . . 2 Matter Fused 5 | . . . . 1 . . . . 2 2 Energy Discharges 2 | . . . . . . . . . 2 . Parts Fused 1 | . . . . 1 . . . . . . Misfires 3 | . . . . 3 . . . . . . Overload Shots 3 | . . . . . . . . 1 2 . Overflow Damage 1743 | . . . 4 668 322 609 86 . 30 24 Projectiles . | . . . . . . . . . . . Explosions 85 | . . . 4 45 4 . . . 22 10 Melee 1658 | . . . . 623 318 609 86 . 8 14 Knockbacks 8 | . . . . 1 1 5 1 . . . Impact 8 | . . . . 1 1 5 1 . . . Kinetic . | . . . . . . . . . . . Secondary . | . . . . . . . . . . . Self-Inflicted Damage 211 | . . . . 193 . . . . 18 . Shots 5 | . . . . 4 . . . . 1 . Rammed 10 | 2 1 . 5 2 . . . . . . Targets Rammed 17 | 2 2 . 10 3 . . . . . . Kicked . | . . . . . . . . . . . Crushed 7 | . 1 . 5 1 . . . . . . Highest Temperature 261 | 216 69 . 261 48 63 12 112 9 67 176 Average Temperature 59 | 109 26 . 66 13 35 8 53 9 32 70 Received Heat Transfer 1206 | . 78 99 441 108 96 240 . 54 90 . Siege Activations . | . . . . . . . . . . . Martial Activations . | . . . . . . . . . . . Shielding Activations . | . . . . . . . . . . . Robots Disrupted . | . . . . . . . . . . . Combat Hostiles . | . . . . . . . . . . . Robots Corrupted 15 | . . . . . 4 10 1 . . . Combat Hostiles 5 | . . . . . 1 4 . . . . Parts Fried 29 | . . . . 7 4 7 3 . . 8 Impact Corruptions 47 | . . . . 13 11 21 2 . . . Robots Melted 1 | . . 1 . . . . . . . . Combat Hostiles 1 | . . 1 . . . . . . . . Parts Melted 8 | . 1 3 . 2 . . . 2 . . Heat Transferred 5429 | 259 592 2109 1442 816 . . 111 100 . . Parts Sabotaged . | . . . . . . . . . . . Parts Stolen . | . . . . . . . . . . . Parts Stripped . | . . . . . . . . . . . Power Chain Reactions 1 | . . . . . . . . . . 1 Alert | -11 -10 -10 -8 -7 -6 -5 -4 -3 -2 -1 ------- Run | Yrd Mat Sub Mat Fac Fac Fac Fac Res Res Acc Maximum Alert Level 1 | . . . 1 1 1 1 . . 1 1 Low Security (%) 74 | 100 100 . 90 48 88 15 100 100 95 98 Level 1 25 | . . . 9 51 11 84 . . 4 1 Level 2 . | . . . . . . . . . . . Level 3 . | . . . . . . . . . . . Level 4 . | . . . . . . . . . . . Level 5 . | . . . . . . . . . . . High Security . | . . . . . . . . . . . Max Security . | . . . . . . . . . . . Peak Influence 334 | 15 71 . 243 334 268 297 124 18 226 262 Initial 126 | . . . . 100 93 126 114 6 3 14 Average 102 | 2 22 . 53 208 113 237 16 4 32 11 Influence Increases 3062 | 15 106 20 614 616 275 517 88 73 406 332 Destroy 0b10 Robot/C 1360 | . 60 20 360 280 120 220 . . 140 160 Destroy 0b10 Robot/NC 290 | 15 10 . 55 75 30 35 10 5 15 40 Destroy Leader 316 | . 20 . 90 66 26 70 . . 20 24 Allied During Kill 73 | . . . . 2 24 47 . . . . Trap Triggered on 0b10 30 | . . . . . . . . . . 30 Successful Hack 223 | . 14 . 16 18 22 12 32 31 51 27 Select Force Hacks 20 | . . . . . . 20 . . . . Disable Machine 195 | . . . 30 90 30 15 15 . . 15 Destroy Structure 315 | . 2 . 18 55 8 8 16 22 150 36 Partial Spotted 120 | . . . . . 15 60 15 . 30 . Lose Combat Pursuer 120 | . . . 45 30 . 30 . 15 . . Influence Decreases 2800 | 15 84 42 391 647 209 540 311 78 388 95 Entered New Map 507 | . . 11 . 123 99 132 121 6 4 11 Time Decay 1759 | 15 84 31 351 514 110 278 81 62 149 84 Lost Part 80 | . . . 20 10 . 40 . 10 . . Lost Ally 120 | . . . 20 . . 90 . . 10 . Purge Threat 334 | . . . . . . . 109 . 225 . Squads Dispatched 31 | . 2 . 1 6 3 3 5 2 4 5 Investigation 15 | . 1 . 1 . 2 2 3 1 2 3 Extermination 8 | . . . . 3 . . 1 . 2 2 Reinforcement 8 | . 1 . . 3 1 1 1 1 . . Assault . | . . . . . . . . . . . Garrison . | . . . . . . . . . . . Intercept . | . . . . . . . . . . . Searches Triggered . | . . . . . . . . . . . Construction Impeded . | . . . . . . . . . . . Haulers Reinforced 3 | . . . . 1 1 1 . . . . Active Scanning Responses . | . . . . . . . . . . . Cargo Convoy Interrupts . | . . . . . . . . . . . Stealth | -11 -10 -10 -8 -7 -6 -5 -4 -3 -2 -1 --------- Run | Yrd Mat Sub Mat Fac Fac Fac Fac Res Res Acc Distress Signals 11 | . . . 2 3 . 1 1 . 2 2 Communications Jammed . | . . . . . . . . . . . Distress Signals . | . . . . . . . . . . . Times Spotted 152 | . 5 7 32 22 4 15 10 11 33 13 Peak Tracking Total 10 | . 3 2 4 4 3 3 10 8 10 9 Tactical Retreats 13 | . . . 2 1 . 2 . 1 6 1 Traps | -11 -10 -10 -8 -7 -6 -5 -4 -3 -2 -1 ------- Run | Yrd Mat Sub Mat Fac Fac Fac Fac Res Res Acc Traps Triggered 4 | . 1 . . . . . . . 2 1 Indirectly . | . . . . . . . . . . . Trap Hack Attempts 7 | . . . . 1 . . . . . 6 Triggered . | . . . . . . . . . . . Disarmed . | . . . . . . . . . . . Reprogrammed 5 | . . . . 1 . . . . . 4 Reused 3 | . . . . . . . . . . 3 Traps Extracted . | . . . . . . . . . . . Installed . | . . . . . . . . . . . Triggered 3 | . . . . . . . . . . 3 Machines | -11 -10 -10 -8 -7 -6 -5 -4 -3 -2 -1 ---------- Run | Yrd Mat Sub Mat Fac Fac Fac Fac Res Res Acc Machines Disabled 13 | . . . 2 6 2 1 1 . . 1 Max in Single Turn 5 | . . . 1 5 1 1 1 . . 1 Garrison Access 3 | . . . . . . 1 1 1 . . Machines Repaired . | . . . . . . . . . . . Machines Dismantled . | . . . . . . . . . . . Machines Sabotaged . | . . . . . . . . . . . Overloaded Fab Kills . | . . . . . . . . . . . Hacking | -11 -10 -10 -8 -7 -6 -5 -4 -3 -2 -1 --------- Run | Yrd Mat Sub Mat Fac Fac Fac Fac Res Res Acc Machines Accessed 57 | . 2 . 8 5 5 7 10 6 9 5 Terminals 36 | . 2 . 6 3 2 2 5 5 7 4 Fabricators 7 | . . . . 2 1 3 1 . . . Repair Stations 3 | . . . 1 . . . 1 . 1 . Recycling Units 6 | . . . 1 . 1 1 1 . 1 1 Scanalyzers 1 | . . . . . . . 1 . . . Garrison Access 4 | . . . . . 1 1 1 1 . . Total Hacks 150 | . 6 . 22 11 14 15 28 18 24 12 Successful 73 | . 2 . 6 4 10 10 15 4 18 4 Failed 76 | . 4 . 16 7 4 5 13 14 5 8 Catastrophic 8 | . . . 1 2 . 1 1 2 . 1 Database Lockouts 1 | . . . . . . . . . 1 . Manual 70 | . 6 . 13 4 6 6 8 10 13 4 Terminals 99 | . 6 . 15 6 7 4 16 14 21 10 Fabricators 18 | . . . . 5 4 6 3 . . . Repair Stations 7 | . . . 2 . . . 4 . 1 . Recycling Units 16 | . . . 5 . 2 3 2 . 2 2 Scanalyzers 2 | . . . . . . . 2 . . . Garrison Access 8 | . . . . . 1 2 1 4 . . Terminal Hacks 28 | . 1 . 2 1 3 . 4 2 11 4 Part Schematic 2 | . . . . . 1 . 1 . . . Robot Analysis 2 | . . . . . . . . . 2 . Open Door 1 | . . . . . . . . . . 1 Level Access Points 4 | . . . . . . . 1 1 1 1 Branch Access Points 3 | . . . 1 . 1 . . 1 . . Unreport Threat 4 | . . . . . . . 1 . 3 . Locate Traps 5 | . . . . 1 . . 1 . 2 1 Maintenance Status 2 | . . . . . . . . . 1 1 Hauler Manifests 2 | . . . 1 . 1 . . . . . Registered Prototypes 1 | . . . . . . . . . 1 . Zone Layout 2 | . 1 . . . . . . . 1 . Fabricator Hacks 8 | . . . . 1 1 3 3 . . . Network Status 4 | . . . . 1 1 1 1 . . . Load Schematic 2 | . . . . . . 1 1 . . . Build 2 | . . . . . . 1 1 . . . Repair Station Hacks 5 | . . . 2 . . . 3 . . . Scan Component 3 | . . . 1 . . . 2 . . . Repair 2 | . . . 1 . . . 1 . . . Recycling Unit Hacks 5 | . . . 1 . 1 1 1 . 1 . Retrieve Components 5 | . . . 1 . 1 1 1 . 1 . Scanalyzer 1 | . . . . . . . 1 . . . Insert Component 1 | . . . . . . . 1 . . . Garrison Access Hacks 3 | . . . . . . 1 1 1 . . Seal Access 3 | . . . . . . 1 1 1 . . Unauthorized Hacks 23 | . 1 . 1 2 5 5 2 1 6 . Terminals 15 | . 1 . 1 1 2 3 2 1 4 . Assimilate 4 | . . . . . . 1 1 . 2 . Botnet 10 | . 1 . 1 1 2 2 1 1 1 . Disrupt 1 | . . . . . . . . . 1 . Fabricators 3 | . . . . 1 1 1 . . . . Liberate 1 | . . . . . 1 . . . . . Haulers 1 | . . . . 1 . . . . . . Download 1 | . . . . . . 1 . . . . Repair Stations 1 | . . . . . . . . . 1 . Patch 1 | . . . . . . . . . 1 . Recycling Units 3 | . . . . . 1 1 . . 1 . Reject 3 | . . . . . 1 1 . . 1 . Scanalyzers . | . . . . . . . . . . . Garrison Access 1 | . . . . . 1 . . . . . Reprogram 1 | . . . . . 1 . . . . . Data Cores Recovered 2 | . . . . . . . . . 2 . Used 1 | . . . . . . . . . 1 . Hacking Detections 49 | . 2 . 5 4 5 6 9 6 7 5 Full Trace Events 11 | . . . 1 . 1 1 3 1 1 3 Feedback Events 2 | . . . . . . . . . . 2 Corruption 1 | . . . . . . . . . . 1 Hackware Fried 1 | . . . . . . . . . . 1 Feedback Blocked . | . . . . . . . . . . . Robot Schematics Acquired . | . . . . . . . . . . . Robots Built . | . . . . . . . . . . . Authchips . | . . . . . . . . . . . Time . | . . . . . . . . . . . Total Robot Build Rating . | . . . . . . . . . . . Part Schematics Acquired 3 | . . . . . 1 1 1 . . . Parts Built 4 | . . . . . . 2 2 . . . Authchips . | . . . . . . . . . . . Time 133 | . . . . . . 64 69 . . . Total Part Build Rating 34 | . . . . . . 16 18 . . . Parts Repaired 2 | . . . 1 . . . 1 . . . Time 63 | . . . 38 . . . 25 . . . Parts Recycled . | . . . . . . . . . . . Recycled Matter . | . . . . . . . . . . . Retrieved Matter . | . . . . . . . . . . . Retrieved Components 15 | . . . 10 . 1 . 3 . 1 . Parts Scanalyzed . | . . . . . . . . . . . Part Schematics Acquired . | . . . . . . . . . . . Parts Damaged . | . . . . . . . . . . . Bothacking | -11 -10 -10 -8 -7 -6 -5 -4 -3 -2 -1 ------------ Run | Yrd Mat Sub Mat Fac Fac Fac Fac Res Res Acc Used RIF Installer . | . . . . . . . . . . . Robots Hacked . | . . . . . . . . . . . Non-combat . | . . . . . . . . . . . Combat . | . . . . . . . . . . . Robot Hacks Applied . | . . . . . . . . . . . Relay Couplers Released . | . . . . . . . . . . . Fabnet Peak Effective % . | . . . . . . . . . . . Robots Rewired 1 | . . . . . 1 . . . . . Allies Hacked 1 | . . . . . . . . . 1 . Hacks Repelled . | . . . . . . . . . . . Allies | -11 -10 -10 -8 -7 -6 -5 -4 -3 -2 -1 -------- Run | Yrd Mat Sub Mat Fac Fac Fac Fac Res Res Acc Total Allies 8 | . . . 1 1 4 1 . . 1 . Largest Group 4 | . . . 1 1 4 4 . . 1 . Highest-Rated Group 128 | . . . 29 16 128 123 . . 10 . Highest-Rated Ally 41 | . . . 29 16 41 36 . . 10 . Total Orders 7 | . . . . . . 7 . . . . STAY 4 | . . . . . . 4 . . . . FOLLOW 3 | . . . . . . 3 . . . . Ally Attacks 73 | . . . 2 3 12 56 . . . . Total Damage 1333 | . . . . 49 237 1047 . . . . Kills 8 | . . . . 1 1 6 . . . . Allies Corrupted . | . . . . . . . . . . . Allies Melted . | . . . . . . . . . . . Intel | -11 -10 -10 -8 -7 -6 -5 -4 -3 -2 -1 ------- Run | Yrd Mat Sub Mat Fac Fac Fac Fac Res Res Acc Active Infowar (turns) 3184 | . . 205 445 245 221 618 466 212 401 371 Sensors 1486 | . . . . . 75 333 440 172 177 289 Seismic 650 | . . 205 445 . . . . . . . Machine Analysis 2534 | . . . . 245 221 618 466 212 401 371 Cloaking 11 | . . . . . . . . 11 . . ECM 305 | . . . . . . . . . 180 125 Robot Analysis Total 2 | . . . . . . . . . 2 . Derelict Logs Recovered 1 | . . 1 . . . . . . . . Drone Launches . | . . . . . . . . . . . Drone Recoveries . | . . . . . . . . . . . Exploration | -11 -10 -10 -8 -7 -6 -5 -4 -3 -2 -1 ------------- Run | Yrd Mat Sub Mat Fac Fac Fac Fac Res Res Acc Turns Passed 7446 | 101 280 1687 1674 1415 221 618 466 212 401 371 Spaces Moved 5627 | 44 143 680 652 961 359 841 715 276 544 412 Core 5 | 5 . . . . . . . . . . Treads 1971 | 39 143 587 652 550 . . . . . . Legs . | . . . . . . . . . . . Wheels 93 | . . 93 . . . . . . . . Hover 3558 | . . . . 411 359 841 715 276 544 412 Flight . | . . . . . . . . . . . Fastest Speed 38 | 50 160 140 155 40 38 38 44 54 38 49 Average Speed 96 | 147 160 196 196 111 39 40 49 54 44 49 Slowest Speed 240 | 160 160 240 240 240 40 101 54 54 49 49 Overloaded Moves 11 | . . . . . . . . . 11 . Propulsion Burnouts . | . . . . . . . . . . . Robots Hopped . | . . . . . . . . . . . Potential Cave-ins 8 | . . . . . . . . . 4 4 Cave-ins Triggered . | . . . . . . . . . . . Exploration Rate (%) 20 | 5 21 26 56 30 7 12 20 15 19 16 Regions Visited 10 Branch Regions 1 Pre-discovered Areas . | . . . . . . . . . . . Known Exits Taken 5 | . . . . . 1 1 1 1 1 . Unknown Exits Taken 5 | 1 1 1 1 1 . . . . . . Scrap Searched 4 | . . 4 . . . . . . . . Spaces Dug 129 | . . . 1 60 . 3 7 12 25 21 Terrain Destroyed 183 | . . . 15 60 7 3 8 12 56 22 Melee 32 | . . . 1 4 . 3 7 . 13 4 Projectile 38 | . . . . 1 . . 1 12 14 10 AOE 113 | . . . 14 55 7 . . . 29 8 Terrain Rammed . | . . . . . . . . . . . Walls Destroyed . | . . . . . . . . . . . Machines Disabled . | . . . . . . . . . . . Actions | -11 -10 -10 -8 -7 -6 -5 -4 -3 -2 -1 --------- Run | Yrd Mat Sub Mat Fac Fac Fac Fac Res Res Acc Total 7004 | 64 169 939 920 1177 411 1022 807 321 639 535 Wait 575 | 1 10 176 97 51 14 98 38 10 20 60 Move 5617 | 44 142 679 651 960 358 840 714 275 543 411 Hop . | . . . . . . . . . . . Pick Up 86 | 6 2 17 18 14 2 8 7 4 5 3 Fast Attach 54 | 6 1 . 12 11 5 5 6 3 3 2 Attach 28 | . . 3 4 2 2 5 3 4 2 3 Detach 19 | . . . 2 2 4 3 5 2 1 . Swap 121 | . . 17 27 28 5 6 8 2 13 15 Drop 103 | . . 5 30 34 5 8 10 3 6 2 Fire 242 | 6 12 42 63 56 3 . 5 16 20 19 Melee 125 | . . . 4 14 13 48 11 . 24 11 Ram . | . . . . . . . . . . . Kick . | . . . . . . . . . . . Crush 16 | 1 2 . 10 3 . . . . . . Escape Stasis . | . . . . . . . . . . . Rewire . | . . . . . . . . . . . Trap 7 | . . . . 1 . . . . . 6 Miscellaneous 11 | . . . 2 1 . 1 . 2 2 3 Route ------- -11/Scrapyard -10/Materials -10/Subcaves (discovered 2 exits: *Mat x2) -8/Materials -7/Factory (discovered 4 exits: *Fac / [*Sto] / [*Low x2]) -6/Factory (discovered 5 exits: *Fac / *Low x2 / Ext x2) -5/Factory (discovered 2 exits: *Fac / *Upp) -4/Factory (discovered 5 exits: *Res x4 / *Upp) -3/Research (discovered 5 exits: *Res x3 / Qua x2) -2/Research (discovered 3 exits: *Acc x3) -1/Access To Epsilon Eridani History --------- Turn | Location | Event 3 | -11/Scrapyard | Discovered new exit (range 15) 102 | -11/Scrapyard | Entered Materials 305 | -10/Materials | Build established: Mutant 365 | -10/Materials | Discovered new exit (range 9) 382 | -10/Materials | Entered Subcaves 752 | -10/Subcaves | Discovered new exit (range 11) 1096 | -10/Subcaves | Discovered new exit (range 5) 1114 | -10/Subcaves | Learned Materials security intel 1131 | -10/Subcaves | Shifting Twisted Machinery released Mak. Light Armor Plating 1132 | -10/Subcaves | Shifting Twisted Machinery released Scrap Shield 1140 | -10/Subcaves | Ambushed by angry Subdweller bent on revenge 1160 | -10/Subcaves | Core integrity fell below 50% 1768 | -10/Subcaves | Disturbed a concealed Subdweller 2069 | -10/Subcaves | Entered Materials 2069 | -8/Materials | Evolved 4 slots: Propulsion x1, Utility x3 2613 | -8/Materials | Build established: Subdweller-Mutant 3160 | -8/Materials | Build established: Scavenger-Mutant 3488 | -8/Materials | Repaired Adv. Treads 3532 | -8/Materials | Discovered new exit (range 8) 3743 | -8/Materials | Entered Factory 3743 | -7/Factory | Evolved 2 slots: Propulsion x1, Utility x1 3988 | -7/Factory | Discovered new exit (range 5) 4246 | -7/Factory | Discovered new exit (range 15) 5013 | -7/Factory | Discovered new exit (range 11) 5062 | -7/Factory | Discovered new exit (range 15) 5158 | -7/Factory | Entered another Factory area 5158 | -6/Factory | Evolved 2 slots: Propulsion x1, Utility x1 5170 | -6/Factory | Discovered new exit (range 3) 5180 | -6/Factory | Build established: Hacker-Mutant 5191 | -6/Factory | Identified exit to Lower Caves 5191 | -6/Factory | Identified exit to Extension 5372 | -6/Factory | Identified exit to Factory 5379 | -6/Factory | Entered another Factory area 5379 | -5/Factory | Accompanied by 4 allies 5379 | -5/Factory | Evolved 2 slots: Power x1, Propulsion x1 5605 | -5/Factory | Discovered new exit (range 9) 5610 | -5/Factory | Identified exit to Factory 5694 | -5/Factory | Discovered new exit (range 6) 5701 | -5/Factory | Identified exit to Upper Caves 5920 | -5/Factory | Fabricated Cmb. Antigrav System (x2) 5997 | -5/Factory | Entered another Factory area 5997 | -4/Factory | Evolved 2 slots: Propulsion x1, Utility x1 6079 | -4/Factory | Discovered new exit (range 15) 6104 | -4/Factory | Identified exit to Upper Caves 6153 | -4/Factory | Found Prototype Launcher 6177 | -4/Factory | Repaired Gravmag Array 6198 | -4/Factory | Build established: Hacker-Scout 6212 | -4/Factory | Spotted B-86 Titan 6216 | -4/Factory | Fabricated Cmb. Linear Gravjet (x2) 6247 | -4/Factory | Identified exit to Research 6343 | -4/Factory | Identified Com. Tesla Bomb Launcher 6463 | -4/Factory | Entered Research 6463 | -3/Research | Evolved 2 slots: Utility x2 6495 | -3/Research | Identified exit to Quarantine 6558 | -3/Research | Identified exit to Research 6637 | -3/Research | Spotted B-86 Titan 6675 | -3/Research | Entered another Research area 6675 | -2/Research | Evolved 2 slots: Propulsion x1, Utility x1 6876 | -2/Research | Spotted B-90 Cyclops 6885 | -2/Research | Identified exit to Access 6896 | -2/Research | Destroyed 7 combat bots 7058 | -2/Research | Central database locked down 7076 | -2/Research | Entered Access 7076 | -1/Access | Evolved 2 slots: Power x1, Utility x1 7158 | -1/Access | Hacking Suite fried by hacking feedback 7367 | -1/Access | Identified exit to Surface 7447 | *** | Escaped! Last Messages --------------- 07433_ Destroyed Xenon Bombardment Thruster. 07435_ Slug penetrates Wall. 07435_ S-43 Plague destroyed. 07435_ Xenon Bombardment Thruster fried. 07435_ S-43 Plague destroyed. 07435_ Chain reaction triggered in Corrupted Lgt. Antimatter Reactor. 07438_ Slug penetrates Wall. 07439_ Penetrated by Slug. 07439_ Slug penetrates Reinforced Barrier. 07441_ Adv. Phase Shifter fried. 07441_ H-88 Terminator destroyed. 07441_ Adv. Targeting Computer fried. 07441_ Lgt. Quantum Reactor fried. 07441_ H-88 Terminator destroyed. 07443_ ALERT: Security rotation in progress. 07443_ Imp. Terrain Scanner fried. 07443_ T-07 Excavator destroyed. 07445_ Wall collapses. 07445_ U-05 Engineer lays Concrete. Map ----- +----------------------------------------------------+ | #????????????????????????????????????????? | | #????????????????????????????????????????? | | !! #????????????????????????????????????????? | | !! #????????????????????????????????????????? | | #????????????????????????????????????????? | | ] #????????????????????????????????????????? | | ?? ??######??????????????????????????????????? | | ####/##### #??????????????????????????????????? | | " #??????????????????????????????????? | | #??????????????????????????????????? | | ###+##+### #??????????????????????????????????? | | ?? ?## ##??????????????????????????????????? | | ?? ??# #???????????????????????????????????? | | ? " ?# #???????????????????????????????????? | | # """ ?# #???????????????????????????????????? | | # """ ## #???????????????????????????????????? | | # " ## #???????????????????????????????????? | | # ## #???????????????????????????????????? | | # ##[ #?????###???????????????????????????? | | # ##%=####### ##########??????????????????? | | ###########==%*= "" "??????????????????? | | ?????????##[ %= " "??????????????????? | | ?????????# [* "??????????????????? | | ????????## "??????????????????? | | ????????# "" "??????????????????? | | ????????# @" "??????????????????? | | ????????# "??????????????????? | | ??????????# "??????????????????? | | ??????????#!%= "??????????????????? | | ??????????#[[* "??????????????????? | | ??????????#%%;###### ##########??????????????????? | | ??????????#[ #?????###???????????????????????????? | | ??????????# ????????????????????????????????????? | | ??????????# ????????????????????????????????????? | | ??????????# ????????????????????????????????????? | | ??????????# ????????????????????????????????????? | | ??????????# ?????????????"""S"""????????????????? | | ??????????? ?????????????"""?"""????????????????? | | ?????????????????????????????????????????????????? | | ?????????????????????????????????????????????????? | | ?????????????????????????????????????????????????? | | ?????????????????????????????????????????????????? | | ?????????????????????????????????????????????????? | | ?????????????????????????????????????????????????? | | ?????????????????????????????????????????????????? | | ?????????????????????????????????????????????????? | | ?????????????????????????????????????????????????? | | ?????????????????????????????????????????????????? | | ?????????????????????????????????????????????????? | | ?????????????????????????????????????????????????? | +----------------------------------------------------+ Best States ------------- Heat Dissipation 83 Energy Generation 61 Energy Capacity 350 Matter Stores 300 Matter Capacity 300 Sight Range 16 Robot Scan Range 16 Terrain Scan Density 10 ECM Strength 1 Cloak Strength 3 Armor Coverage 900 Resistance: KI 20 Propulsion Shielding 66 Utility Shielding 66 Phase Shifting 5 Evasion (%) 68 Targeting Accuracy 8 Core Analysis 6 Recoil Reduction 4 Offensive Hacking 46 Defensive Hacking 10 Item Schematics ----------------- Cld. Aerolev Unit | -6/Factory | Hacked Cmb. Antigrav System | -5/Factory | Downloaded Cmb. Linear Gravjet | -4/Factory | Hacked Robot Schematics ------------------ None Fabricated ------------ Cmb. Antigrav System | x2 | -5/Factory Cmb. Linear Gravjet | x2 | -4/Factory Repaired ---------- Adv. Treads | 52% | -8/Materials Gravmag Array | 1% | -4/Factory Alien Tech Used ----------------- None Achievements -------------- None Challenges ------------ None Game ------ Seed BattleRelayGravjet Manual? 0 Play Time 01:08:00 Cumulative 1916.6 hours Start 2025.07.27 @ 00:38:23 End 2025.07.27 @ 01:45:43 Sessions 1 Manual Loads 0 Difficulty Rogue Special Mode None Game No. 1259 Rogue 1255 Adventurer 4 Explorer 0 Win Type 0 Total 250 Types 186/12/19/10/3/1/4/9/4/2 Lore% 98 Gallery% 97 Achievement% 98 Wizard Run 0 Options --------- Layout 2 ASCII 0 Keyboard 1 Movement Vi Keybinds 0 Fullscreen 0 Font 24/Terminus Map View 59x48 Zoom Use 0% Tactical HUD 1 Map Filters NONE Filters NONE Steam 1 RUN: 8185042c-6916-4b59-a416-8e932a91f39e